 Dungeon Crawl Stone Soup version 0.30.0-29-ga12c61a403 (webtiles) character file.

Game seed: 12968804895466171727

1381 cdecastro the Ruffian (level 8, -1/83 HPs)
             Began as a Troll Fighter on June 19, 2023.
             Was an Initiate of Ru.
             Shot with an arrow by a centaur (5 damage)
             ... on level 6 of the Dungeon.
             The game lasted 00:08:55 (5108 turns).

cdecastro the Ruffian (Troll Fighter)               Turns: 5108, Time: 00:08:55

Health: -1/83      AC:  4    Str: 27    XL:     8   Next: 39%
Magic:  7/7        EV:  9    Int:  4    God:    Ru [......]
Gold:   297        SH:  7    Dex:  9    Spells: 7/7 levels left

rFire   . .          .
                       - Unarmed
rCold   . . .        b - +0 kite shield
rNeg    . . .        a - +0 robe
rPois   .            (helmet restricted)
rElec   .            (no cloak)
rCorr   .            (gloves unavailable)
SInv    .            (boots unavailable)
Will    .....        (no amulet) Stlth
                     (no ring)
HPRegen 1.13/turn    (no ring)
MPRegen 0.10/turn

%: no passive effects
@: no status effects
A: large, unfitting armour, claws 3, regeneration 1, shaggy fur 1, tough skin 1,
no stealth
a: Renounce Religion


You were on level 6 of the Dungeon.
You worshipped Ru.
Ru was noncommittal.
You visited 2 branches of the dungeon, and saw 7 of its levels.

You collected 297 gold pieces.

Inventory:

Missiles
 e - a curare-tipped dart
 o - 4 atropa-tipped darts (quivered)
 q - 14 poisoned darts
 v - 3 boomerangs
Armour
 a - a +0 robe (worn)
 b - a +0 kite shield (worn)
Jewellery
 k - an amulet of magic regeneration
 r - a ring of wizardry
 y - an amulet of faith
Wands
 i - a wand of flame (26)
 w - a wand of paralysis (10)
Scrolls
 d - 5 scrolls of vulnerability {unknown}
 g - 3 scrolls of noise {unknown}
 h - 2 scrolls of magic mapping {unknown}
 j - a scroll of fear {unknown}
 l - 2 scrolls of immolation
 n - a scroll of blinking {unknown}
 p - 3 scrolls of teleportation {unknown}
 x - a scroll of fog {unknown}
Potions
 c - 2 potions of might
 f - a potion of magic
 s - 3 potions of curing
 t - 2 potions of haste
 u - 4 potions of attraction
 z - 3 potions of heal wounds
 A - a potion of ambrosia
 B - a potion of mutation
 C - a potion of invisibility


   Skills:
 - Level 6.0 Fighting
 + Level 2.2 Armour
 - Level 2.4 Dodging
 - Level 2.6 Shields
 + Level 7.6 Unarmed Combat


You had 7 spell levels left.
You didn't know any spells.
Your spell library contained the following spells:

 Spells                   Type           Power      Damage    Failure   Level
 Foxfire                  Conj/Fire      0%         2x1d4     75%         1
 Inner Flame              Hex/Fire       0%         N/A       98%         3
 Flame Wave               Conj/Fire      0%         2d4       100%        4
 Sticky Flame             Conj/Fire      0%         2d3       100%        4
 Fireball                 Conj/Fire      0%         3d3       100%        5
 Plasma Beam              Fire/Air       0%         2x1d11    100%        6
 Starburst                Conj/Fire      0%         6d3       100%        6


Dungeon Overview and Level Annotations

Branches:
Dungeon (6/15)             Temple (1/1) D:5

Altars:
Ashenzari
Cheibriados
Dithmenos
Elyvilon
Fedhas
Kikubaaqudgha
Makhleb
Nemelex Xobeh
Ru
Sif Muna
Trog
Uskayaw
Vehumet
Wu Jian
Yredelemnul
Zin
The Shining One


Innate Abilities, Weirdness & Mutations

You are too large for most types of armour.
You have claws for hands.
Your natural rate of healing is unusually fast.
You are covered in fur. (AC +1)
You have tough skin. (AC +1)
You cannot be stealthy.


Message History

You see here a scroll labelled ITOGIPTUENU.
Found a heavily runed wooden ring.
You block the steam dragon's attack.
The steam dragon claws you but does no damage.
You completely miss the steam dragon. The steam dragon bites you!
The steam dragon claws you.
You claw the steam dragon!
The steam dragon is moderately wounded.
The steam dragon breathes steam at you. The ball of steam hits you!!
You scratch the steam dragon but do no damage.
The steam dragon is moderately wounded.
You are engulfed in a cloud of scalding steam.
The steam dragon bites you!
* * * LOW HITPOINT WARNING * * *
The steam dragon closely misses you.
You barely miss the steam dragon.
The steam dragon is moderately wounded.
You are engulfed in a cloud of scalding steam.
* * * LOW HITPOINT WARNING * * *
The steam dragon misses you. You block the steam dragon's attack.
You mangle the steam dragon!!
You kill the steam dragon!
You are engulfed in a cloud of scalding steam.
* * * LOW HITPOINT WARNING * * *
Your Armour skill increases to level 2!
A centaur comes into view.
Found a ring mail.
You are engulfed in a cloud of scalding steam.
The centaur wields a +0 shortbow.
The centaur shoots an arrow.
The arrow hits you.
* * * LOW HITPOINT WARNING * * *
The centaur shoots an arrow.
The arrow hits you!
* * * LOW HITPOINT WARNING * * *
You see here a steam dragon corpse.
The centaur shoots an arrow.
You block the arrow.
The centaur shoots an arrow.
The arrow hits you!
* * * LOW HITPOINT WARNING * * *
The centaur shoots an arrow.
The arrow hits you.
You die...

#.#.)...#
#.####### #?#
#.# #.# #.#
#†# ###.#
#.@.#
#.[........
.....=...####
##.#.....## #
.....##
##.#c.#
##.#.# # .#


You could see a centaur.

Vanquished Creatures
  A wyvern (D:5)
  A steam dragon (D:6)
  An ogre (D:3)
  A kobold brigand (D:6)
  3 scorpions
  A howler monkey (D:5)
  6 orc priests
  A hound (D:5)
  A sleepcap (D:5)
  A gnoll bouda (D:4)
  4 iguanas
  2 orc wizards (D:6)
  A hound zombie (D:3)
  12 gnolls
  6 adders
  2 shadow imps
  2 ufetubi (D:5)
  An adder zombie (D:3)
  4 worms
  5 dart slugs
  8 orcs
  14 bats
  10 endoplasms
  3 giant cockroaches
  3 goblins
  8 hobgoblins
  4 quokkas
  10 ball pythons
  4 frilled lizards
  A giant cockroach zombie (D:3)
  9 kobolds
  10 rats
140 creatures vanquished.

Notes
Turn   | Place    | Note
-------+----------+-------------------------------------------
     0 | D:1      | cdecastro the Troll Fighter began the quest for the Orb.
     0 | D:1      | Reached XP level 1. HP: 22/22 MP: 0/0
   145 | D:1      | Reached XP level 2. HP: 26/29 MP: 1/1
   817 | D:2      | Reached XP level 3. HP: 37/37 MP: 2/2
  1101 | D:2      | Found a faded altar of an unknown god.
  1206 | D:2      | Reached skill level 3 in Unarmed Combat
  1752 | D:2      | Reached XP level 4. HP: 43/45 MP: 3/3
  2180 | D:3      | You fall into a shaft and drop 2 floors!
  2180 | D:5      | Entered Level 5 of the Dungeon
  2180 | D:5      | Found a staircase to the Ecumenical Temple.
  2183 | Temple   | Entered the Ecumenical Temple
  2248 | Temple   | Became a worshipper of Ru the Awakened
  2419 | D:5      | Reached XP level 5. HP: 54/54 MP: 4/4
  2480 | D:5      | Noticed a wyvern
  2488 | D:5      | Killed a wyvern
  2489 | D:5      | Reached skill level 4 in Unarmed Combat
  2489 | D:5      | Reached XP level 6. HP: 51/63 MP: 5/5
  2608 | D:3      | Reached skill level 5 in Unarmed Combat
  2611 | D:3      | Found a basalt altar of Yredelemnul.
  2648 | D:3      | Found a glowing silver altar of Zin.
  2950 | D:3      | Found a burning altar of Makhleb.
  2950 | D:3      | Noticed a cacodemon
  3415 | D:4      | Reached skill level 5 in Fighting
  3421 | D:4      | Reached XP level 7. HP: 52/72 MP: 6/6
  3426 | D:4      | Gained mutation: You cannot be stealthy. [Ru sacrifice]
  3455 | D:4      | Found a radiant altar of Vehumet.
  3515 | D:4      | Reached skill level 6 in Unarmed Combat
  4246 | D:5      | Found an ornate altar of the Wu Jian Council.
  4375 | D:5      | Found a blossoming altar of Fedhas.
  4569 | D:5      | Found a snail-covered altar of Cheibriados.
  4860 | D:6      | Reached XP level 8. HP: 83/83 MP: 7/7
  4914 | D:6      | Reached skill level 1 in Armour
  4914 | D:6      | Reached skill level 7 in Unarmed Combat
  5108 | D:6      | HP: 4/83 [centaur/arrow (12)]
  5108 | D:6      | Shot with an arrow by a centaur

Illustrated notes

Levels and vault maps discovered:
D:1:      shiori_arrival_whats_in_store_for_you, layout_basic,
          chequers_serial_rivers_room_a
D:2:      minmay_razor_zed, layout_loops_corners,
          hellmonk_ecumenical_altar_blasted, nrook_mini_vaults,
          roderic_lattice_a
D:3:      layout_loops_corners, mainiacjoe_overflow_alcove_2,
          nicolae_yredelemnul_corpse_copse, makhleb_altar_promises_db
D:4:      layout_loops_ring, fiery_altar_vehumet, hangedman_decor_opposing
D:5:      layout_basic, nicolae_wu_jian_wuxing_cycle, fedhas_altar_2,
          slow_altar_2, minmay_temple_entry_slanted,
          hangedman_abyss_or_decor_passed, dreamdust_princess_corridor
D:6:      cheibrodos_steamvent, layout_loops_corners, kennysheep_little_box,
          gup_sewer_entry_bubbles, nicolae_underground_beach
Temple:   jpeg_temple_alley_garden

Skill      XL: |  1  2  3  4  5  6  7  8 |
---------------+-------------------------+-----
Fighting       | 3 4 5 6 |  6.0
Unarmed Combat | 3 4 5 6 7 |  7.6
Armour         | 2 |  2.2
Dodging        | |  2.4
Shields        | |  2.6

Action                     |  1- 3 |  4- 6 |  7- 9 || total
---------------------------+-------+-------+-------++-------
  Melee: Unarmed           |   113 |   109 |   133 ||   355
 Invoke: Sacrifice Stealth |       |       |     1 ||     1
    Use: Scroll            |       |       |     9 ||     9
 Armour: Robe              |    37 |    21 |    17 ||    75
  Dodge: Dodged            |    33 |    26 |    37 ||    96
  Block: Kite shield       |    37 |    39 |    41 ||   117
